 Dungeon Crawl Stone Soup version 0.28-a0-909-g796cbd3a86 (webtiles) character file.

Game seed: 7633859453842864113

23714 Htamos the Fighter (level 13, -2/103 HPs)
             Began as a Djinni Conjurer on Nov 24, 2021.
             Was an Elder of Lugonu.
             Slain by an eight-headed hydra (14 damage)
             ... on level 3 of the Lair of Beasts.
             The game lasted 00:47:57 (20226 turns).

Htamos the Fighter (Djinni Conjurer)               Turns: 20226, Time: 00:47:57

Health: -2/103     AC:  6    Str:  6    XL:     13   Next: 37%
Gold:   326        EV: 15    Int: 27    God:    Lugonu [****..] SH:  8 Dex: 12

rFire   + + .      SeeInvis .   L - +6 trident of Mecwarr {vorpal, Drain +Blink rElec rCorr}
rCold   x . .      Faith    .   o - +3 warlock's mirror {reflect}
rNeg    + . .      Spirit   .   k - +0 troll leather armour
rPois   ∞          Reflect  +   (no helmet)
rElec   +          Harm     .   u - +0 cloak
rCorr   +          Rampage  .   l - +0 pair of gloves
Will    +....                   (boots unavailable)
Stlth   ++++......              (no amulet)
HPRegen 2.27/turn               r - +4 ring of slaying
MPRegen 0.00/turn               K - ring of positive energy

@: flying
A: sickness immunity, fire resistance 2, cold vulnerability 1, float, innate
caster, hp casting, extra vitality 1, clever 1, sense surroundings 1,
regeneration 1, wild magic 1
a: Renounce Religion, Evoke Blink, Depart the Abyss, Bend Space, Banish, Corrupt


You were on level 3 of the Lair of Beasts.
You worshipped Lugonu.
Lugonu was greatly pleased with you.
You visited 3 branches of the dungeon, and saw 16 of its levels.
You visited 1 bazaar.
You also visited: Ossuary.

You collected 1079 gold pieces.
You spent 753 gold pieces at shops.

Inventory:

Hand Weapons
 g - a +3 dagger of venom
 F - a +2 whip of freezing
 J - a +2 spear of freezing
 L - the +6 trident of Mecwarr (weapon) {vorpal, Drain +Blink rElec rCorr}
   (You found it on level 10 of the Dungeon)

   It inflicts extra damage upon your enemies.
   rElec:     It insulates you from electricity.
   +Blink:    It lets you blink.
   rCorr:     It protects you from acid and corrosion.
   Drain:     It drains your maximum health when unequipped.
 P - the +2 shortbow "Ugoazif" {venom, rPois MP-9 Str+8 SInv}
   (You bought it in a shop in a bazaar)

   Any ammunition fired from it poisons the flesh of those it strikes.
   Str:       It affects your strength (+8).
   rPois:     It protects you from poison.
   MP:        It affects your magic capacity (-9).
   SInv:      It lets you see invisible.
 Q - the +5 rapier of Desperation {flame, *Rage Drain rCorr Str+6}
   (You bought it in a shop in a bazaar)

   It burns those it strikes, dealing additional fire damage.
   Str:       It affects your strength (+6).
   *Rage:     It berserks you when you make melee attacks (+20% chance).
   rCorr:     It protects you from acid and corrosion.
   Drain:     It drains your maximum health when unequipped.
 W - a +3 broad axe of freezing
Missiles
 S - 111 arrows
Armour
 a - a +0 robe
 k - a +0 troll leather armour (worn)
 l - a +0 pair of gloves (worn)
 o - the +3 warlock's mirror (worn) {reflect}
   (You acquired it on level 6 of the Dungeon)

   It can block and reflect piercing ranged attacks and magical attacks against
   the wielder's willpower.
 p - a +4 ring mail
 s - a +0 buckler
 t - a +3 plate armour
 u - a +0 cloak (worn)
 z - +0 steam dragon scales
 O - the +1 scale mail of the Eternal Void {rCorr Dex+2}
   (You bought it in a shop in a bazaar)

   Dex:       It affects your dexterity (+2).
   rCorr:     It protects you from acid and corrosion.
Jewellery
 h - a ring of ice
 m - a ring of fire
 q - a ring of ice
 r - a +4 ring of slaying (left hand)
 K - a ring of positive energy (right hand)
 V - a ring of protection from fire
Wands
 f - a wand of flame (27)
 i - a wand of digging (19)
 v - a wand of polymorph (10)
 M - a wand of acid (11)
Scrolls
 c - a scroll of magic mapping
 j - 2 scrolls of noise
 n - a scroll of silence
 x - 2 scrolls of immolation
 y - a scroll of enchant armour {unknown}
 A - 7 scrolls of identify {@rr}
 R - a scroll of fear
 T - 2 scrolls of teleportation
Potions
 d - 4 potions of mutation
 e - a potion of cancellation
 w - a potion of lignification
 B - a potion of degeneration {unknown}
 I - a potion of ambrosia
 N - a potion of curing {@qc}
 U - a potion of brilliance
Miscellaneous
 b - a phantom mirror (inert)


   Skills:
 * Level 13.2 Fighting
 + Level 10.5 Dodging
 + Level 8.8 Stealth
 - Level 5.8 Shields
 + Level 8.0 Spellcasting


You couldn't memorise any spells.
You knew the following spells:

 Your Spells              Type           Power      Damage    Failure   Level
a - Magic Dart            Conj           100%       1d8       1%          1
b - Searing Ray           Conj           100%       2d8       1%          2
c - Dazzling Flash        Conj/Hex       100%       N/A       1%          3
d - Fulminant Prism       Conj/Hex       31%        3d16      5%          4
e - Iskenderun's Mystic   Conj/Tloc      63%        2d13      5%          4
f - Summon Small Mammal   Summ           100%       N/A       1%          1
g - Scorch                Fire           100%       2d10      1%          2
h - Spider Form           Tmut/Pois      63%        N/A       1%          3
i - Frozen Ramparts       Ice            100%       1d12      1%          3
j - Dispel Undead         Necr           63%        3d22      5%          4
k - Manifold Assault      Tloc           63%        N/A       13%         5
Your spell library was empty.

Dungeon Overview and Level Annotations

Branches:
Dungeon (12/15)            Temple (1/1) D:6            Lair (3/6) D:8
  Snake (0/4) Lair:2          Orc (0/2) D:11        Ossuary (visited)
  Swamp: Lair:2-4    Shoals: Lair:2-4

Altars:
Ashenzari
Cheibriados
Dithmenos
Elyvilon
Fedhas
Gozag
Hepliaklqana
Kikubaaqudgha
Makhleb
Nemelex Xobeh
Okawaru
Qazlal
Ru
Sif Muna
Trog
Uskayaw
Vehumet
Wu Jian
Xom
Yredelemnul
Zin
The Shining One
Lugonu

Annotations:
D:1 exclusion: downstairs
D:6 1 runed translucent door, Crazy Yiuf
D:7 3 runed translucent doors, bgiannan's ghost, novice GrFi
Lair:3 Snorg


Innate Abilities, Weirdness & Mutations

You are immune to sickness and miasma.
You are immune to poison.
Your flesh is very heat resistant. (rF++)
You are vulnerable to cold. (rC-)
You float through the air rather than walking.
You learn spells naturally, not from books.
Your magical power is your life essence.
You have superior vitality. (+4 HP)
Your mind is acute. (Int +2)
You passively map a small area around you.
Your natural rate of healing is unusually fast.
Your spells are a little harder to cast, but a little more powerful.


Message History

That's the wrong kind of item! (Use * to select it.) Evoke which item? (* to show all) (? for menu, Esc to quit)
Aiming: Corrosive Bolt
Press: ? - help, Shift-Dir - straight line, f/p - eight-headed hydra
Aim: an eight-headed hydra (90% to hit)
The bolt of acid hits the eight-headed hydra!
The acid corrodes the eight-headed hydra!
The eight-headed hydra is lightly wounded.
You reach to attack!
You barely miss the eight-headed hydra.
The eight-headed hydra is lightly wounded.
You puncture the eight-headed hydra!
The eight-headed hydra is moderately wounded.
The eight-headed hydra bites you! The eight-headed hydra bites you.
You block the eight-headed hydra's attack. x2
The eight-headed hydra completely misses you.
The eight-headed hydra bites you! The eight-headed hydra bites you.
The eight-headed hydra bites you! x2
* * * LOW HITPOINT WARNING * * *
The eight-headed hydra bites you!
* * * LOW HITPOINT WARNING * * *
The eight-headed hydra bites you.
* * * LOW HITPOINT WARNING * * *
The eight-headed hydra closely misses you.
The eight-headed hydra bites you!
* * * LOW HITPOINT WARNING * * *
The eight-headed hydra barely misses you.
The eight-headed hydra bites you!
* * * LOW HITPOINT WARNING * * *
The eight-headed hydra bites you but does no damage.
There is a stone staircase leading up here.
The eight-headed hydra misses you.
You block the eight-headed hydra's attack.
The eight-headed hydra bites you.
* * * LOW HITPOINT WARNING * * *
The eight-headed hydra barely misses you.
The eight-headed hydra bites you!
* * * LOW HITPOINT WARNING * * *
The eight-headed hydra completely misses you.
The eight-headed hydra bites you!
You die...

## ### .#####.###
.........# ###
........### ###.########
..........###...@......#
........#.##....D....P##
.....................##
........#P.##........#
........##.##....:...##
........####.........P#
.........# ##........P#
.........# #.####..###
#.+..##### ### ...#


You could see an eight-headed hydra (corroded).

Vanquished Creatures
  An ogre mage (D:10)
  A catoblepas (Lair:2)
  Erica (D:8)
  A tengu warrior (D:10)
  2 two-headed ogres (D:11)
  A death knight (D:10)
  Pikel (D:9)
  A deep elf pyromancer (D:10)
  A manticore (D:12)
  3 elephants (Lair:1)
  Maggie (D:9)
  2 gargoyles (D:11)
  4 cane toads
  Psyche (D:9)
  An unseen horror (D:12)
  A kobold demonologist (D:12)
  4 komodo dragons
  A rime drake (Lair:3)
  3 trolls
  2 polar bears (Lair:2)
  2 hornets (D:8)
  4 blink frogs
  3 slime creatures (D:12)
  A shadow (D:11)
  2 wraiths
  2 wyverns
  4 basilisks
  A fire bat (D:10)
  12 yaks
  3 steam dragons
  3 vampire mosquitoes
  A warg (D:11)
  2 acid dragons
  2 nagas (Lair:2)
  10 water moccasins
  A swamp drake (D:8)
  2 orc warriors
  A hornet zombie (D:5)
  4 black bears
  2 ice beasts (D:8)
  A necrophage (D:5)
  9 wolves
  3 ogres
  2 centaurs
  A lemure (D:9)
  A kobold brigand (D:8)
  12 bullfrogs
  A wyvern zombie (D:9)
  A gnoll sergeant (D:10)
  2 scorpions
  A wyvern skeleton (D:7)
  2 water moccasin skeletons
  3 killer bees (D:10)
  An electric eel (D:7)
  6 howler monkeys
  4 centaur zombies
  2 bullfrog zombies
  A gnoll shaman (D:7)
  3 orc priests
  3 hounds (D:4)
  A centaur skeleton (D:7)
  A human zombie (D:4)
  2 human skeletons (D:4)
  4 iguanas
  5 orc wizards
  2 killer bee zombies (D:8)
  3 howler monkey zombies
  2 mummies (Ossuary)
  6 gnolls
  14 adders
  A shadow imp (D:8)
  2 worms (D:2)
  A dart slug (D:12)
  33 orcs
  5 bats
  7 endoplasms
  10 giant cockroaches
  4 gnoll zombies (Ossuary)
  9 goblins
  4 hobgoblins
  4 jackals
  16 kobolds
  4 quokkas
  6 ball pythons
  2 frilled lizards
  4 goblin zombies (Ossuary)
  4 hobgoblin zombies (Ossuary)
  3 orc skeletons (D:4)
  An orc zombie (Ossuary)
  A quokka skeleton (D:4)
  A rat (D:2)
316 creatures vanquished.

Vanquished Creatures (others)
  An orc wizard (D:12)
  7 fulminant prisms
  6 fungi
  3 plants
17 creatures vanquished.

Grand Total: 333 creatures vanquished

Notes
Turn   | Place    | Note
-------+----------+-------------------------------------------
     0 | D:1      | Htamos the Djinni Conjurer began the quest for the Orb.
     0 | D:1      | Reached XP level 1. HP: 15/15 MP: 0/0
   171 | D:1      | Reached XP level 2. HP: 18/22 MP: 0/0
   291 | D:1      | Found a faded altar of an unknown god.
   311 | D:1      | Reached skill level 1 in Fighting
   582 | D:1      | Reached XP level 3. HP: 26/27 MP: 0/0
   582 | D:1      | Learned a level 1 spell: Summon Small Mammal
  1331 | D:2      | Reached skill level 2 in Fighting
  1331 | D:2      | Reached XP level 4. HP: 28/33 MP: 0/0
  2091 | D:2      | Reached XP level 5. HP: 36/39 MP: 0/0
  2091 | D:2      | Learned a level 2 spell: Scorch
  2342 | D:3      | Noticed a +0 dagger
  2342 | D:3      | Noticed a +0 short sword
  2343 | D:3      | Noticed a +0 dagger
  2343 | D:3      | Noticed a +0 short sword
  2343 | D:3      | Noticed a +0 spear
  2345 | D:3      | Noticed a +0 spear
  2345 | D:3      | Noticed a +0 falchion
  2346 | D:3      | Noticed a +0 falchion
  2364 | D:3      | Found a hide-covered altar of Uskayaw.
  3324 | D:3      | Reached skill level 3 in Fighting
  3575 | D:3      | Reached XP level 6. HP: 24/46 MP: 0/0
  4036 | D:4      | Found a sand-covered staircase.
  4068 | Ossuary  | Entered an ossuary
  4867 | D:4      | Reached skill level 4 in Fighting
  4867 | D:4      | Reached XP level 7. HP: 21/52 MP: 0/0
  4867 | D:4      | Learned a level 3 spell: Spider Form
  5165 | D:4      | Found a broken altar of Ashenzari.
  5920 | D:4      | Reached skill level 5 in Fighting
  5920 | D:4      | Reached XP level 8. HP: 54/59 MP: 0/0
  6289 | D:5      | Entered Level 5 of the Dungeon
  6661 | D:5      | Reached skill level 5 in Dodging
  7496 | D:5      | Noticed a blink frog
  7496 | D:5      | an ice beast changed into a blink frog
  7707 | D:6      | Reached skill level 6 in Fighting
  7724 | D:6      | Reached XP level 9. HP: 29/67 MP: 0/0
  7724 | D:6      | Learned a level 3 spell: Frozen Ramparts
  7912 | D:6      | Found a snail-covered altar of Cheibriados.
  7970 | D:6      | Found a staircase to the Ecumenical Temple.
  7979 | Temple   | Entered the Ecumenical Temple
  7997 | Temple   | Became a worshipper of Lugonu the Unformed
  7997 | Temple   | Reached * piety under Lugonu
  8113 | D:6      | Found a glowing silver altar of Zin.
  8258 | D:6      | Reached skill level 5 in Spellcasting
  8592 | D:6      | Found a runed translucent door.
  8593 | D:6      | Noticed Crazy Yiuf
  8677 | D:6      | Identified a scroll of acquirement
  8677 | D:6      | Acquired the +3 warlock's mirror {reflect}
  8677 | D:6      | Found the +3 warlock's mirror {reflect}
  8782 | D:7      | Noticed bgiannan's ghost (novice GrFi)
  8784 | D:7      | Found a runed translucent gate.
  8784 | D:7      | Found a runed translucent gate.
  8784 | D:7      | Found a runed translucent gate.
  8803 | D:7      | Reached skill level 7 in Fighting
  8916 | D:7      | Found an iron altar of Okawaru.
  9209 | D:7      | Reached skill level 5 in Stealth
  9219 | D:7      | Reached skill level 1 in Shields
  9924 | D:7      | Found an ornate altar of the Wu Jian Council.
 10337 | D:8      | Reached ** piety under Lugonu
 10508 | D:8      | Reached skill level 8 in Fighting
 10508 | D:8      | Reached XP level 10. HP: 76/76 MP: 0/0
 10701 | D:8      | Found a stormy altar of Qazlal.
 10701 | D:8      | Found a hazy altar of Hepliaklqana.
 10703 | D:8      | Found a glowing golden altar of the Shining One.
 11045 | D:8      | Noticed Erica
 11516 | D:8      | Noticed a komodo dragon
 11534 | D:8      | Killed Erica
 11535 | D:8      | Reached skill level 9 in Fighting
 11822 | D:8      | a komodo dragon changed into an ice beast
 11870 | D:8      | Found a staircase to the Lair.
 12708 | D:9      | Noticed Pikel
 12758 | D:9      | Killed Pikel
 12759 | D:9      | Reached XP level 11. HP: 84/84 MP: 0/0
 12759 | D:9      | Learned a level 4 spell: Dispel Undead
 12792 | D:9      | Noticed Maggie
 12831 | D:9      | Killed Maggie
 12848 | D:9      | HP: 4/127 [orc (6)]
 13306 | D:9      | Noticed Psyche
 13318 | D:9      | Killed Psyche
 13444 | D:9      | Found a burning altar of Makhleb.
 13649 | D:9      | Reached skill level 10 in Fighting
 14009 | D:10     | Entered Level 10 of the Dungeon
 14202 | D:10     | Found a basalt altar of Yredelemnul.
 15410 | D:10     | Noticed an ogre mage
 15418 | D:10     | Paralysed by something for 5 turns
 15555 | D:10     | Noticed a deep elf pyromancer
 15564 | D:10     | Killed a deep elf pyromancer
 15587 | D:10     | Noticed a tengu warrior
 15618 | D:10     | Killed a tengu warrior
 15640 | D:10     | Identified the +6 trident of Mecwarr {vorpal, Drain +Blink
                  | rElec rCorr}
 15877 | D:10     | Paralysed by an ogre mage for 3 turns
 15883 | D:10     | Killed an ogre mage
 15922 | D:11     | Noticed a two-headed ogre
 15926 | D:11     | Killed a two-headed ogre
 15927 | D:11     | Reached skill level 11 in Fighting
 15948 | D:11     | Noticed a death knight
 15960 | D:11     | Reached *** piety under Lugonu
 16081 | D:10     | Gained mutation: You passively map a small area around you.
                  | [potion of mutation]
 16081 | D:10     | Gained mutation: Your natural rate of healing is unusually
                  | fast. [potion of mutation]
 16081 | D:10     | Gained mutation: Your mind is acute. (Int +2) [potion of
                  | mutation]
 16081 | D:10     | Gained mutation: Your spells are a little harder to cast,
                  | but a little more powerful. [potion of mutation]
 16176 | D:11     | Noticed an orc knight
 16248 | D:11     | Noticed a two-headed ogre
 16248 | D:11     | an orc knight changed into a two-headed ogre
 16255 | D:11     | Killed a two-headed ogre
 16256 | D:11     | Reached XP level 12. HP: 91/94 MP: 0/0
 16390 | D:11     | Found a staircase to the Orcish Mines.
 16456 | D:11     | Found a white marble altar of Elyvilon.
 16683 | D:12     | Found a flickering gateway to a bazaar.
 16689 | Bazaar   | Entered a bazaar
 16689 | Bazaar   | Found Tuolim's Antique Armour Shop.
 16714 | Bazaar   | Found Cethri's Distillery.
 16734 | Bazaar   | Found Eshriajeesh's Antique Weapon Shop.
 16756 | Bazaar   | Bought a heavily runed scale mail for 225 gold pieces
 16756 | Bazaar   | Identified the +1 scale mail of the Eternal Void {rCorr
                  | Dex+2} (You bought it in a shop in a bazaar)
 16770 | Bazaar   | Bought a jewelled shortbow for 176 gold pieces
 16770 | Bazaar   | Identified the +2 shortbow "Ugoazif" {venom, rPois MP-9
                  | Str+8 SInv} (You bought it in a shop in a bazaar)
 16770 | Bazaar   | Bought a bloodstained rapier for 198 gold pieces
 16770 | Bazaar   | Identified the +5 rapier of Desperation {flame, *Rage Drain
                  | rCorr Str+6} (You bought it in a shop in a bazaar)
 16790 | Bazaar   | Bought a potion of curing for 42 gold pieces
 16790 | Bazaar   | Bought a potion of mutation for 112 gold pieces
 17051 | D:12     | Found a snail-covered altar of Cheibriados.
 17334 | D:10     | Killed a death knight
 17335 | D:10     | Reached skill level 12 in Fighting
 17632 | Lair:1   | Entered Level 1 of the Lair of Beasts
 18558 | Lair:1   | Reached skill level 5 in Shields
 18773 | Lair:1   | Reached skill level 10 in Dodging
 18907 | Lair:1   | Reached **** piety under Lugonu
 18950 | Lair:1   | Reached XP level 13. HP: 93/102 MP: 0/0
 18950 | Lair:1   | Learned a level 5 spell: Manifold Assault
 19090 | Lair:2   | Noticed a catoblepas
 19285 | Lair:2   | Killed a catoblepas
 19327 | Lair:2   | Found a staircase to the Snake Pit.
 19412 | Lair:2   | Reached skill level 13 in Fighting
 20021 | Lair:3   | Noticed Snorg
 20208 | Lair:3   | Noticed an eight-headed hydra
 20226 | Lair:3   | Slain by an eight-headed hydra

Illustrated notes

Levels and vault maps discovered:
D:1:      noname_arrival_rooms_in_the_neighbourhood, layout_loops_ring,
          basic_ecumenical_altar
D:2:      layout_basic, minmay_increasing_density
D:3:      layout_basic, nicolae_uskayaw_en_pointe
D:4:      minmay_octagon_keep, layout_rooms, ashenzari_altar_1,
          nicolae_ossuary_entry_catacombs, grunt_ministairs_9
D:5:      layout_loops_ring
D:6:      layout_loops_ring, mainiacjoe_overflow_small_starburst,
          kennysheep_little_box, minmay_temple_entry_grid, serial_glass,
          glass_columns_b, glass_columns_a, uniq_crazy_yiuf_cottage
D:7:      layout_rooms, grunt_temple_overflow_magic_moments,
          okawaru_metal_pillars_3, nicolae_wu_jian_wuxing_cycle,
          gammafunk_ghost_split, minmay_crystal_water, minivault_14,
          st_stairs_11, kennysheep_crisscross
D:8:      layout_loops_ring, nicolae_overflow_hidden_temple, erik_lair_dragon,
          uniq_erica
D:9:      layout_gridville, bloody_makhleb, uniq_maggie, uniq_psyche, uniq_pikel
D:10:     minmay_wavy_crystal, layout_basic, marbit_many_paths
D:11:     layout_rooms, orc_0_dummy, elyvilon_altar_5
D:12:     layout_big_octagon, serial_shops, bzr_entry_safe,
          kennysheep_slug_shrine
Temple:   corrupted_temple
Lair:1:   layout_chaotic_city, serial_bayou_pond_b,
          chequers_serial_rivers_small_b
Lair:2:   layout_cave_shapes, guppyfry_snake_entry_garden,
          minmay_stone_trees_medium, lemuel_fruit_tree, grunt_megastairs_4
Lair:3:   layout_roguey, lemuel_fruit_fields, infiniplex_staircase_pool_2,
          uniq_snorg

Skill      XL: |  1  2  3  4  5  6  7  8  9 10 11 12 13 |
---------------+----------------------------------------+-----
Fighting       | 1 2 3 4 5 6 8 9 11 12 13 | 13.2
Stealth        | 2 3 4 5 6 7 8 |  8.8
Dodging        | 3 4 5 6 7 9 10 | 10.5
Spellcasting   | 4 5 6 7 8 |  8.0
Shields        | 2 4 5 |  5.8

Action                   |  1- 3 |  4- 6 |  7- 9 | 10-12 | 13-15 || total
-------------------------+-------+-------+-------+-------+-------++-------
Melee: Dagger            |       |       |    22 |   248 |       ||   270
       Trident           |       |       |       |   290 |   176 ||   466
       Spear             |       |       |       |     4 |       ||     4
 Cast: Magic Dart        |    58 |   274 |   292 |    57 |       ||   681
       Summon Small Mamm |       |     3 |     2 |       |       ||     5
       Fulminant Prism   |       |       |     7 |       |       ||     7
       Iskenderun's Myst |       |       |     3 |       |       ||     3
       Scorch            |       |       |       |    24 |       ||    24
Evoke: Wand              |       |       |    12 |    24 |     1 ||    37
       Phantom mirror    |       |       |       |       |     1 ||     1
  Use: Potion            |       |     1 |     3 |    11 |     3 ||    18
       Scroll            |       |       |    11 |    16 |     1 ||    28
 Stab: Sleeping          |       |       |     1 |    13 |     7 ||    21
       Petrified         |       |       |       |     2 |       ||     2
Armor: Robe              |     2 |    10 |    17 |    27 |       ||    56
       Skin              |       |       |     8 |    28 |       ||    36
       Ring mail         |       |       |       |    28 |       ||    28
       Troll leather arm |       |       |       |    79 |    47 ||   126
Dodge: Dodged            |     3 |    35 |   116 |   363 |   137 ||   654
Block: Buckler           |       |       |    29 |   261 |    81 ||   371
       Reflection        |       |       |     1 |    17 |     2 ||    20

Table legend: (Time is in decaauts)
 A = Elapsed time spent in this place.
 B = Non-inter-level travel time spent in this place.
 C = Inter-level travel time spent in this place.
 D = Time resting spent in this place.
 E = Time spent auto-exploring this place.
 F = Levels seen in this place.
 G = Mean time per level.
                   A        B        C        D        E       F      G
               +--------+--------+--------+--------+--------+-----+--------+
         Total |  20374 |  19516 |    858 |   3130 |  12616 |  18 | 1131.9 |
       Dungeon |  17140 |  16367 |    773 |   2574 |  11115 |  12 | 1428.3 |
        Temple |     29 |     18 |     11 |      0 |      4 |   1 |   29.0 |
          Lair |   2378 |   2305 |     73 |     46 |   1413 |   3 |  792.7 |
        Bazaar |    115 |    115 |      0 |      0 |     44 |   1 |  115.0 |
       Ossuary |    709 |    709 |      0 |    510 |     40 |   1 |  709.0 |
               +--------+--------+--------+--------+--------+-----+--------+

Top non-repeatable levels by time:
     D:9: 2420 daAuts
     D:4: 2089 daAuts
     D:8: 2068 daAuts
    D:10: 1851 daAuts
     D:7: 1621 daAuts
     D:2: 1252 daAuts
     D:5: 1248 daAuts
     D:1: 1217 daAuts
     D:3: 1152 daAuts
  Lair:1: 1059 daAuts
     D:6: 1017 daAuts
  Lair:2: 807 daAuts
 Ossuary: 709 daAuts
    D:11: 660 daAuts
    D:12: 541 daAuts
